 Dungeon Crawl Stone Soup version 0.31-a0-986-g5e6e4ef867 (webtiles) character file.

Game seed: 11066667138806941209

356 Dittersdorf the Trooper (level 6, 0/49 HPs)
             Began as a Human Fighter on Nov 9, 2023.
             Succumbed to a scorpion's poison
             ... on level 4 of the Dungeon.
             The game lasted 00:03:14 (3075 turns).

Dittersdorf the Trooper (Human Fighter)             Turns: 3075, Time: 00:03:14

Health: 0/49       AC:  7    Str: 18    XL:     6   Next: 96%
Magic:  6/6        EV:  9    Int:  8    God:
Gold:   240        SH:  5    Dex: 13    Spells: 5/5 levels left

rFire   . . .        a - +0 long sword
rCold   . . .        c - +0 buckler
rNeg    . . .        q - +0 scale mail
rPois   .            (no helmet)
rElec   .            (no cloak)
rCorr   .            (no gloves)
SInv    +            (no boots)
Will    +....        (no amulet) Stlth
                     l - ring of see invisible
HPRegen 0.28/turn    m - ring of willpower
MPRegen 0.10/turn

%: no passive effects
@: lethally poisoned (0 -> -7)
A: no striking features
a: no special abilities


You were on level 4 of the Dungeon.
You visited 1 branch of the dungeon, and saw 4 of its levels.

You collected 240 gold pieces.

Inventory:

Hand Weapons
 a - a +0 long sword (weapon)
 b - the +9 sling of the Vulture {heavy, Int+5 Dex-5}
   (You found it on level 3 of the Dungeon)

   Int+5:     It affects your intelligence (+5).
   Dex-5:     It affects your dexterity (-5).
Missiles
 k - a throwing net
 s - 25 stones
Armour
 c - a +0 buckler (worn)
 q - a +0 scale mail (worn)
Jewellery
 i - a ring of protection from cold
 l - a ring of see invisible (left hand)
 m - a ring of willpower (right hand)
 r - a ring of willpower
Scrolls
 e - 4 scrolls of identify {unknown}
 g - a scroll of vulnerability {unknown}
 h - a scroll of silence {unknown}
 p - a scroll of enchant weapon {unknown}
 t - a scroll of noise {unknown}
Potions
 d - 2 potions of might
 f - 2 potions of degeneration {unknown}
 j - 2 potions of curing {unknown}
 n - a potion of ambrosia {unknown}
 o - 2 potions of heal wounds {unknown}


   Skills:
 + Level 4.4 Fighting
 + Level 3.7 Long Blades
 + Level 4.3 Armour
 + Level 4.4 Shields


You had 5 spell levels left.
You didn't know any spells.
Your spell library contained the following spells:

 Spells                   Type           Power      Damage    Failure   Level
 Cigotuvi's Dreadful Rot  Necr/Pois/Air  0%         N/A       94%         2
 Ignite Poison            Fire/Tmut/Pois 0%         N/A       99%         3
 Inner Flame              Hex/Fire       0%         N/A       99%         3
 Freezing Cloud           Conj/Ice/Air   0%         6-21      100%        5
 Yara's Violent Unravell  Hex/Tmut       0%         3d3       100%        5
 Enfeeble                 Hex            0%         N/A       100%        7


Dungeon Overview and Level Annotations

Branches:
Dungeon (4/15)
 Temple: D:4-7

Altars:


Message History

The hound is almost dead.
The hound bites you.
The quokka twitches its whiskers.
The hound bites you but does no damage.
You miss the hound.
The hound is almost dead.
The hound barely misses you. The hound bites you but does no damage.
You slash the hound!
You kill the hound!
The quokka barely misses you.
You hit the quokka.
You kill the quokka!
The quokka twitches its whiskers.
The scorpion stings you.
You are poisoned.
The scorpion poisons you!
You hit the scorpion but do no damage.
You feel sick. The scorpion stings you.
* * * LOW HITPOINT WARNING * * *
You are lethally poisoned!
The scorpion poisons you!
You hit the scorpion.
The scorpion is lightly wounded.
* * * LOW HITPOINT WARNING * * *
You feel very sick. You block the scorpion's attack.
The scorpion stings you but does no damage.
You hit the scorpion.
The scorpion is heavily wounded.
* * * LOW HITPOINT WARNING * * *
You feel very sick. You block the scorpion's attack.
You hit the scorpion but do no damage.
The scorpion is heavily wounded.
* * * LOW HITPOINT WARNING * * *
You feel very sick. You block the scorpion's attack.
The scorpion stings you but does no damage.
You closely miss the scorpion.
The scorpion is heavily wounded.
You die...

### #<# #.# #.# ..$
#.# ...) #.#
##+#+##..$. #.#
#.........
#.#########....>.?#
#........@sr......#
###########.......#
+.......# #r......#
#######.......#
..............#
.......†......#
..............#
............###


You could see a scorpion and a quokka.

Vanquished Creatures
  A centaur (D:3)
  3 hounds (D:4)
  3 gnolls (D:2)
  7 adders
  2 worms
  6 dart slugs
  4 orcs (D:3)
  5 endoplasms
  2 giant cockroaches
  4 goblins
  3 hobgoblins
  8 jackals (D:3)
  3 quokkas
  9 ball pythons
  8 bats
  2 frilled lizards
  5 kobolds
  4 rats
79 creatures vanquished.

Notes
Turn   | Place    | Note
-------+----------+-------------------------------------------
     0 | D:1      | Dittersdorf the Human Fighter began the quest for the Orb.
     0 | D:1      | Reached XP level 1. HP: 18/18 MP: 1/1
   141 | D:1      | Reached XP level 2. HP: 17/24 MP: 2/2
   353 | D:1      | Reached XP level 3. HP: 29/29 MP: 3/3
   497 | D:1      | Found a faded altar of an unknown god.
  1106 | D:2      | Reached XP level 4. HP: 35/35 MP: 4/4
  1449 | D:2      | Reached XP level 5. HP: 42/42 MP: 5/5
  2216 | D:3      | Identified the +9 sling of the Vulture {heavy, Int+5 Dex-5}
  2410 | D:3      | Noticed a centaur
  2425 | D:3      | Killed a centaur
  2426 | D:3      | Reached XP level 6. HP: 22/48 MP: 6/6
  3074 | D:4      | HP: 1/49 [poisoned by a scorpion]
  3075 | D:4      | Succumbed to a scorpion's poison

Illustrated notes

Levels and vault maps discovered:
D:1:      kennysheep_arrival_seaside, layout_loops_ring,
          shapermc_ecumenical_altar_pompeii
D:2:      layout_basic, grunt_ministairs_10
D:3:      layout_loops_ring
D:4:      layout_basic, nicolae_shop_fire_sale [nicolae_sub_dead_trees]

Skill      XL: |  1  2  3  4  5 |
---------------+----------------+-----
Long Blades    | 3 |  3.7
Fighting       | 4 |  4.4
Armour         | 4 |  4.3
Shields        | 4 |  4.4

Action                     |  1- 3 |  4- 6 || total
---------------------------+-------+-------++-------
  Melee: Long sword        |    86 |   163 ||   249
   Fire: Sling             |       |     6 ||     6
 Armour: Scale mail        |    58 |   140 ||   198
  Dodge: Dodged            |    26 |    95 ||   121
  Block: Buckler           |    19 |    51 ||    70

Table legend: (Time is in decaauts)
 A = Elapsed time spent in this place.
 B = Non-inter-level travel time spent in this place.
 C = Inter-level travel time spent in this place.
 D = Time resting spent in this place.
 E = Time spent auto-exploring this place.
 F = Levels seen in this place.
 G = Mean time per level.
                   A        B        C        D        E       F      G
               +--------+--------+--------+--------+--------+-----+--------+
         Total |   3157 |   2805 |    352 |     84 |   2141 |   4 |  789.2 |
       Dungeon |   3157 |   2805 |    352 |     84 |   2141 |   4 |  789.2 |
               +--------+--------+--------+--------+--------+-----+--------+

Top non-repeatable levels by time:
     D:2: 1093 daAuts
     D:1: 1005 daAuts
     D:3: 962 daAuts
     D:4: 97 daAuts
